 Dungeon Crawl Stone Soup version 0.30-a0-373-gd37427bb62 (webtiles) character file.

Game seed: 18205533874180088631

1418 purpskrrrp the Cleaver (level 8, -1/71 HPs)
             Began as a Hill Orc Monk on Nov 24, 2022.
             Was a Believer of Beogh.
             Slain by an orc warrior
             ... wielding a +0 battleaxe
              (12 damage)
             ... on level 6 of the Dungeon.
             The game lasted 00:07:53 (4532 turns).

purpskrrrp the Cleaver (Hill Orc Monk)              Turns: 4532, Time: 00:07:53

Health: -1/71      AC: 21    Str: 16    XL:     8   Next: 71%
Magic:  0/17       EV:  6    Int: 10    God:    Beogh [**....]
Gold:   221        SH:  0    Dex: 13    Spells: 7/7 levels left

rFire   + . .      SeeInvis .    a - +0 hand axe (protect)
rCold   . . .      Faith    .    (no shield)
rNeg    . . .      Spirit   +    d - +0 plate armour
rPois   .          Reflect  .    k - +0 helmet
rElec   .          Harm     .    w - +0 cloak
rCorr   .          Rampage  .    (no gloves)
Will    .....                    (no boots)
Stlth   ..........               l - amulet of guardian spirit
HPRegen 0.31/turn                m - ring of protection from fire
MPRegen 0.15/turn                u - ring of magical power

@: under a protective aura
A: no striking features
a: Renounce Religion, Smiting


You were on level 6 of the Dungeon.
You worshipped Beogh.
Beogh was pleased with you.
You visited 1 branch of the dungeon, and saw 6 of its levels.

You collected 221 gold pieces.

Inventory:

Hand Weapons
 a - a +0 hand axe of protection (weapon)
 f - a +2 vampiric short sword
Armour
 b - a +0 robe
 d - a +0 plate armour (worn)
 k - a +0 helmet (worn)
 w - a +0 cloak (worn)
Jewellery
 l - an amulet of guardian spirit (around neck)
 m - a ring of protection from fire (left hand)
 s - an amulet of magic regeneration
 u - a ring of magical power (right hand)
Wands
 c - a wand of roots (10)
 g - a wand of mindburst (9)
 r - a wand of acid (14)
 z - a wand of polymorph (10)
Scrolls
 o - 6 scrolls of identify {unknown}
 p - 3 scrolls of summoning {unknown}
 q - a scroll of magic mapping {unknown}
 x - a scroll of blinking {unknown}
 y - a scroll of butterflies {unknown}
Potions
 e - 2 potions of flight {unknown}
 h - a potion of lignification {unknown}
 i - a potion of cancellation {unknown}
 j - 5 potions of curing {unknown}
 n - 2 potions of heal wounds {unknown}
 t - a potion of mutation {unknown}
 v - a potion of brilliance {unknown}


   Skills:
 + Level 6.7 Fighting
 * Level 9.5 Axes
 + Level 4.7 Armour
 + Level 4.5 Dodging
 - Level 1.8 Stealth


You had 7 spell levels left.
You didn't know any spells.
Your spell library contained the following spells:

 Spells                   Type           Power      Damage    Failure   Level
 Blink                    Tloc           0%         N/A       100%        2
 Momentum Strike          Conj/Tloc      0%         3d8       100%        2
 Static Discharge         Conj/Air       0%         2-2/arc   100%        2
 Dazzling Flash           Conj/Hex       0%         N/A       100%        3
 Lesser Beckoning         Tloc           0%         N/A       100%        3
 Vhi's Electric Charge    Tloc/Air       0%         N/A       100%        3
 Iskenderun's Mystic Bla  Conj/Tloc      0%         2d3       100%        4
 Manifold Assault         Tloc           0%         N/A       100%        4
 Summon Lightning Spire   Summ/Air       0%         N/A       100%        4
 Arcjolt                  Conj/Air       0%         1d10      100%        5
 Blade Hands              Tmut           0%         N/A       100%        5
 Irradiate                Conj/Tmut      0%         3d11      100%        5
 Lightning Bolt           Conj/Air       0%         1d11      100%        5
 Dispersal                Tloc           0%         N/A       100%        6
 Starburst                Conj/Fire      0%         6d3       100%        6
 Dragon Form              Tmut           0%         N/A       100%        7
 Storm Form               Tmut/Air       0%         N/A       100%        7
 Disjunction              Tloc           0%         N/A       100%        8
 Maxwell's Capacitive Co  Air            0%         ∞         100%        8


Dungeon Overview and Level Annotations

Branches:
Dungeon (6/15)             Temple (0/1) D:6

Altars:
Ashenzari
Yredelemnul

Annotations:
D:5 2 runed translucent doors


Message History

The steam dragon bites you but does no damage.
The steam dragon claws you but does no damage.
You hit the steam dragon but do no damage.
The steam dragon is almost dead.
You hit the orc warrior but do no damage.
The orc warrior hits you but does no damage.
The steam dragon bites you but does no damage.
The steam dragon claws you but does no damage.
You hit the steam dragon but do no damage.
The steam dragon is almost dead.
You closely miss the orc warrior. The orc warrior barely misses you.
The steam dragon bites you but does no damage.
The steam dragon claws you but does no damage.
You hit the steam dragon.
The steam dragon is almost dead.
You hit the orc warrior. The orc warrior barely misses you.
The steam dragon breathes steam at you.
The ball of steam hits you but does no damage.
You resist.
You hit the steam dragon.
The steam dragon is almost dead.
You closely miss the orc warrior.
The orc warrior hits you with a +0 battleaxe.
* * * LOW HITPOINT WARNING * * *
The steam dragon bites you but does no damage.
The steam dragon claws you but does no damage.
You hit the steam dragon.
You kill the steam dragon!
Beogh accepts your kill.
You hit the orc warrior but do no damage.
Your life force feels restored.
You hit the orc warrior but do no damage.
The orc warrior is moderately wounded.
The orc warrior hits you with a +0 battleaxe.
* * * LOW HITPOINT WARNING * * *
You hit the orc warrior.
The orc warrior is heavily wounded.
The orc warrior hits you with a +0 battleaxe!
You die...
Beogh appreciates the orc warrior's killing of a heretic priest.

.###o.##............#.....#.# ##.
......## #.......#####...# #.<
....o..#### #.#...########..#...#
.....#....###.###..>..#........##
...............######..........#
.......$.....#..### ###......<.#
..........$.###.§.## ####..#####
....<......######o.##### ........
....>......§..§.@..........##..#.
...........#######.....#.#####...
......>....# .....# ###.
...........# ....... #.
...........# .....## #.
...........# .....# #.
############ .....# #.


You could see an orc warrior.

Vanquished Creatures
  A steam dragon (D:6)
  A black bear (D:5)
  An ice beast (D:5)
  2 ogres (D:5)
  A phantom (D:6)
  Blork the orc (D:4)
  A bullfrog (D:6)
  A scorpion (D:5)
  3 wights (D:6)
  5 hounds
  A jelly (D:6)
  3 iguanas
  Jessica (D:2)
  Natasha (thrice) (D:2)
  Robin (D:2)
  5 adders
  3 gnolls (D:5)
  A shadow imp (D:5)
  A white imp (D:6)
  2 worms
  3 dart slugs
  7 orcs
  5 ball pythons
  9 endoplasms
  6 giant cockroaches
  13 goblins
  3 hobgoblins
  2 jackals (D:5)
  2 quokkas (D:4)
  9 bats
  4 frilled lizards
  4 kobolds
  9 rats
114 creatures vanquished.

Vanquished Creatures (others)
  An orc priest (D:6)
  An orc (D:6)
2 creatures vanquished.

Grand Total: 116 creatures vanquished

Notes
Turn   | Place    | Note
-------+----------+-------------------------------------------
     0 | D:1      | purpskrrrp the Hill Orc Monk began the quest for the Orb.
     0 | D:1      | Reached XP level 1. HP: 19/19 MP: 1/1
    84 | D:1      | Reached XP level 2. HP: 26/27 MP: 2/2
   279 | D:1      | Reached XP level 3. HP: 31/33 MP: 3/3
   622 | D:2      | Reached skill level 1 in Armour
   644 | D:2      | Reached skill level 5 in Axes
   644 | D:2      | Reached XP level 4. HP: 26/40 MP: 4/4
   728 | D:2      | Noticed Natasha
   741 | D:2      | Killed Natasha
   833 | D:2      | Noticed Natasha
   835 | D:2      | Noticed Robin
   845 | D:2      | Noticed Jessica
   850 | D:2      | Killed Natasha
   851 | D:2      | Reached XP level 5. HP: 12/47 MP: 5/5
   861 | D:2      | Killed Robin
   861 | D:2      | Killed Jessica
   897 | D:2      | Noticed Natasha
   904 | D:2      | Killed Natasha
  1550 | D:3      | You fall into a shaft and drop 3 floors!
  1559 | D:6      | Reached skill level 6 in Axes
  1575 | D:6      | Reached XP level 6. HP: 37/55 MP: 2/6
  1647 | D:6      | Reached skill level 5 in Fighting
  1722 | D:6      | Found a staircase to the Ecumenical Temple.
  1750 | D:6      | Became a worshipper of Beogh the Brigand
  1750 | D:6      | Reached * piety under Beogh
  1750 | D:6      | Reached ** piety under Beogh
  1751 | D:6      | Noticed an orc warrior
  1774 | D:5      | Entered Level 5 of the Dungeon
  1786 | D:5      | Reached skill level 7 in Axes
  1786 | D:5      | Reached XP level 7. HP: 50/61 MP: 5/7
  2084 | D:5      | Found a runed translucent door.
  2087 | D:5      | Found a runed translucent door.
  2087 | D:5      | Noticed a vampire mosquito
  2264 | D:5      | Reached skill level 8 in Axes
  2306 | D:5      | Reached XP level 8. HP: 24/70 MP: 4/8
  2879 | D:4      | Noticed Blork the orc
  2895 | D:4      | Killed Blork the orc
  2955 | D:4      | Found a basalt altar of Yredelemnul.
  3212 | D:4      | Found a broken altar of Ashenzari.
  3799 | D:3      | Found a faded altar of an unknown god.
  4288 | D:6      | Reached skill level 9 in Axes
  4532 | D:6      | Slain by an orc warrior

Illustrated notes

Levels and vault maps discovered:
D:1:      dpeg_arrival_windows_large_door, layout_rooms, minmay_vboxes
D:2:      layout_rooms, serial_co_window_serial, co_window_paths_b,
          co_window_of_opportunity_a, co_window_paths_a, co_window_corner_a,
          co_window_paths_a, co_window_broadway_b, co_window_corner_ca,
          co_window_of_opportunity_b, co_window_sun, glass_columns_a,
          glass_columns_b, uniq_robin, uniq_jessica, uniq_natasha
D:3:      layout_basic, ebering_ecumenical_altar_webs
D:4:      layout_basic, cheibrodos_ashenzari_chains, old_standard_altar,
          uniq_blork_the_orc
D:5:      lemuel_insect_pit, layout_basic, kennysheep_crisscross,
          lemuel_flamethrower_2
D:6:      layout_rooms, nicolae_wu_jian_immortal_techniques,
          minmay_temple_entry_large_hall

Skill      XL: |  1  2  3  4  5  6  7  8 |
---------------+-------------------------+-----
Fighting       | 4 5 6 |  6.7
Armour         | 1 2 3 4 |  4.7
Axes           | 5 6 7 8 9 |  9.5
Dodging        | 3 4 |  4.5
Stealth        | |  1.8

Action                   |  1- 3 |  4- 6 |  7- 9 || total
-------------------------+-------+-------+-------++-------
Melee: Hand axe          |   118 |   116 |   229 ||   463
       Punch             |       |     1 |     4 ||     5
Invok: Convert to Beogh  |       |     1 |       ||     1
  Use: Scroll            |     2 |       |       ||     2
       Potion            |       |     4 |       ||     4
Armor: Plate armour      |   125 |   127 |   182 ||   434
Dodge: Dodged            |    20 |    30 |    73 ||   123

Table legend: (Time is in decaauts)
 A = Elapsed time spent in this place.
 B = Non-inter-level travel time spent in this place.
 C = Inter-level travel time spent in this place.
 D = Time resting spent in this place.
 E = Time spent auto-exploring this place.
 F = Levels seen in this place.
 G = Mean time per level.
                   A        B        C        D        E       F      G
               +--------+--------+--------+--------+--------+-----+--------+
         Total |   4521 |   4323 |    198 |    314 |   3145 |   6 |  753.5 |
       Dungeon |   4521 |   4323 |    198 |    314 |   3145 |   6 |  753.5 |
               +--------+--------+--------+--------+--------+-----+--------+

Top non-repeatable levels by time:
     D:5: 1094 daAuts
     D:2: 953 daAuts
     D:4: 708 daAuts
     D:3: 707 daAuts
     D:1: 539 daAuts
     D:6: 518 daAuts
